 Dungeon Crawl Stone Soup version bcrawl-1.40.3b (webtiles) character file.

Game seed: 5351644874955152146

9730579 tauben the Warrior (level 23, -9/190 HPs)
             Began as a Gnoll Archaeologist on Mar 22, 2024.
             Was an Initiate of Gozag.
             Blown up by an ancient automaton (68 damage)
             ... with an orb of destruction
             ... on level 2 of the Pits of Slime.
             The game lasted 03:00:46 (50949 turns).

tauben the Warrior (Gnoll Archaeologist)           Turns: 50949, Time: 03:00:46

Health: -9/190     AC: 22    Str: 24    XL:     23   Next: 49%
Magic:  27/41      EV: 13    Int: 16    God:    Gozag
Gold:   3567       SH: 17    Dex: 19    Spells: 41/51 levels left

rFire    + + +     GDR:     40% G - +10 Vampire's Tooth {vamp}
rCold    + + +     SeeInvis +   Q - +2 shield of Resistance {rF+ rC+ MR+}
rNeg     + . .     Gourm    +   B - +7 crystal plate armour
rPois    +         Faith    .   P - +1 helmet {SInv}
rElec    +         Spirit   .   Y - +2 cloak {MR+}
rCorr    .         Reflect  .   x - +2 pair of gloves {Str+3}
MR       ++++.                  y - +2 pair of boots
Stlth    ..........             b - amulet "Zuehaps" {Gourm rElec Int+6}
HPRegen  0.41/turn              T - ring "Leblunkitoin" {rPois rC+++ Int-6 Slay+5 Stlth-}
MPRegen  0.27/turn              z - ring of Suspicion {rF++ rN+ MR+ SInv Stlth-}

@: corroded, studying Fighting
A: distributed training, fangs 1, icy blue scales 1, agile 1, blink, cold
resistance 1, sense surroundings 1, strong nose
}: 3/15 runes: serpentine, silver, gossamer
a: Blink, Potion Petition, Call Merchant, Bribe Branch, Renounce Religion


You were on level 2 of the Pits of Slime.
You worshipped Gozag.
Gozag was most pleased with you.
You were hungry.

You visited 9 branches of the dungeon, and saw 34 of its levels.
You also visited: Ossuary and Volcano.

You collected 17216 gold pieces.
You spent 8653 gold pieces at shops.
You paid 4996 gold pieces to Gozag.

Inventory:

Hand Weapons
 G - the +10 Vampire's Tooth (weapon) {vamp}
   (You found it on level 11 of the Dungeon)

   It inflicts no extra harm, but heals its wielder when it wounds a living foe.
Missiles
 a - 5792 arrows
 t - 19 throwing nets {=f}
 v - 70 poisoned tomahawks (quivered)
Armour
 x - a +2 pair of gloves of strength (worn)
 y - a +2 pair of boots (worn)
 B - a +7 crystal plate armour (worn)
 P - a +1 helmet of see invisible (worn)
 Q - the +2 shield of Resistance (worn) {rF+ rC+ MR+}
   (You found it on level 2 of the Lair of Beasts)

   It protects you from fire.
   It protects you from cold.
   It affects your resistance to hostile enchantments.
 Y - a +2 cloak of magic resistance (worn)
Jewellery
 b - the amulet "Zuehaps" (around neck) {Gourm rElec Int+6}
   (You bought it in a shop in the Orcish Mines)

   [amulet of the gourmand]

   It allows you to eat raw meat even when not hungry.
   It affects your intelligence (+6).
   It insulates you from electricity.
 m - an uncursed ring of positive energy
 z - the ring of Suspicion (right hand) {rF++ rN+ MR+ SInv Stlth-}
   (You took it off a deep elf demonologist on level 3 of the Elven Halls)

   [ring of protection from magic]

   It greatly protects you from fire.
   It protects you from negative energy.
   It affects your resistance to hostile enchantments.
   It lets you see invisible.
   It makes you less stealthy.
 T - the ring "Leblunkitoin" (left hand) {rPois rC+++ Int-6 Slay+5 Stlth-}
   (You took it off a deep elf high priest on level 3 of the Elven Halls)

   [ring of intelligence]

   It affects your intelligence (-6).
   It affects your accuracy and damage with ranged weapons and melee attacks
   (+5).
   It renders you almost immune to cold.
   It protects you from poison.
   It makes you less stealthy.
Wands
 c - a wand of flame (103)
 d - a wand of disintegration (19)
 k - a wand of acid (2)
 p - a wand of charming (8)
 E - a wand of scattershot (7)
 N - a wand of polymorph (48)
 O - a wand of digging (14)
 R - a wand of paralysis (38)
 X - a wand of iceblast (20)
Scrolls
 g - 9 scrolls of revelation
 h - 3 scrolls of vulnerability
 l - 17 scrolls of teleportation
 n - 15 scrolls of remove curse
 o - 4 scrolls of fog
 s - 2 scrolls of fear
 w - 8 scrolls of immolation
 I - 4 scrolls of enchant weapon
 M - 4 scrolls of blinking
 W - 2 scrolls of silence
Potions
 f - 2 potions of cancellation
 q - 4 potions of ambrosia
 r - a potion of magic
 u - 15 potions of curing
 A - 2 potions of flight
 C - 4 potions of haste
 D - 5 potions of resistance
 F - 2 potions of might
 J - a potion of invisibility
 L - 6 potions of agility
 S - 6 potions of brilliance
Miscellaneous
 i - 2 phantom mirrors
 j - a sack of spiders
 K - a phial of floods (inert)
 U - a lightning rod (4/4)
 V - a lamp of fire
 Z - 4 boxes of beasts
Comestibles
 e - 10 rations {!d}


   Skills:
 + Level 17.9 Fighting
 + Level 14.9 Short Blades
 + Level 14.9 Long Blades
 + Level 14.9 Axes
 + Level 15.1 Maces & Flails
 + Level 14.9 Polearms
 + Level 14.9 Staves
 + Level 14.9 Slings
 + Level 14.9 Bows
 + Level 14.9 Crossbows
 + Level 14.9 Throwing
 + Level 14.9 Armour
 + Level 16.0 Dodging
 + Level 16.0 Stealth
 + Level 14.9 Shields
 + Level 14.9 Unarmed Combat
 + Level 14.9 Spellcasting
 + Level 12.9 Conjurations
 + Level 12.9 Hexes
 + Level 12.9 Charms
 + Level 12.9 Summonings
 + Level 12.9 Necromancy
 + Level 12.9 Translocations
 + Level 12.9 Transmutations
 + Level 12.9 Fire Magic
 + Level 12.9 Ice Magic
 + Level 12.9 Air Magic
 + Level 12.9 Earth Magic
 + Level 12.9 Poison Magic
 + Level 16.1 Invocations
 + Level 14.9 Evocations


You had 41 spell levels left.
You knew the following spells:

 Your Spells              Type           Power        Failure   Level  Hunger
a - Sticks to Snakes      Tmut           ######..     3%          2    None
b - Blink                 Tloc           N/A          3%          2    None
c - Regeneration          Chrm/Necr      ######....   7%          3    None
d - Ozocubu's Armour      Chrm/Ice       ######..     7%          3    None

Your spell library contained the following spells:

 Spells                   Type           Power        Failure   Level  Hunger
 Apportation              Tloc           ######       2%          1    None
 Beastly Appendage        Tmut           ######       2%          1    None
 Blink Other              Tloc           ######       2%          1    None
 Flame Tongue             Conj/Fire      #####        2%          1    None
 Freeze                   Ice            ######       2%          1    None
 Infusion                 Chrm           ######..     2%          1    None
 Magic Dart               Conj           ####         2%          1    None
 Sandblast                Erth           ######       2%          1    None
 Slow                     Hex            ######..     2%          1    None
 Sting                    Conj/Pois      ####         2%          1    None
 Summon Small Mammal      Summ           ####         2%          1    None
 Call Imp                 Summ           ######       3%          2    None
 Corpse Rot               Necr           N/A          3%          2    None
 Ensorcelled Hibernation  Hex/Ice        ######       3%          2    None
 Flaming Arrows           Chrm/Fire      ######..     3%          2    None
 Passwall                 Tmut/Erth      ######..     3%          2    None
 Poisonous Vapours        Pois/Air       ######       3%          2    None
 Searing Ray              Conj           ######..     3%          2    None
 Song of Slaying          Chrm           ######..     3%          2    None
 Sublimation of Blood     Necr           ######....   3%          2    None
 Swiftness                Chrm/Air       ######..     3%          2    None
 Confuse                  Hex            ######..     7%          3    None
 Conjure Flame            Conj/Fire      ######..     7%          3    None
 Dazzling Orbs            Conj/Hex       ######.      7%          3    None
 Ignite Poison            Fire/Tmut/Pois ######..     7%          3    None
 Inner Flame              Hex/Fire       N/A          7%          3    None
 Iskenderun's Mystic Bla  Conj           ######..     7%          3    None
 Mephitic Cloud           Conj/Pois/Air  ######..     7%          3    None
 Recall                   Summ/Tloc      N/A          7%          3    None
 Spectral Weapon          Hex/Chrm       ######..     7%          3    None
 Spider Form              Tmut/Pois      ###          7%          3    None
 Stone Arrow              Conj/Erth      ######       7%          3    None
 Tukima's Dance           Hex            ######..     7%          3    None
 Agony                    Necr           ######..     24%         4    None
 Airstrike                Air            ######....   24%         4    None
 Cause Fear               Hex            ######....   24%         4    None
 Fulminant Prism          Conj/Hex       ######....   24%         4    None
 Ice Form                 Ice/Tmut       ######..     24%         4    None
 Olgreb's Toxic Radiance  Pois           ######...    24%         4    None
 Petrify                  Tmut/Erth      ######....   24%         4    None
 Sticky Flame             Conj/Fire      ######..     24%         4    None
 Summon Scorpions         Summ/Pois      ######..     24%         4    None
 Blade Hands              Tmut           ######....   54%         5    None
 Bolt of Draining         Conj/Necr      ######....   54%         5    None
 Fireball                 Conj/Fire      ######....   54%         5    None
 Irradiate                Conj/Tmut      ######....   54%         5    None
 Iskenderun's Battlesphe  Conj/Chrm      ######..     54%         5    None
 Lee's Rapid Deconstruct  Erth           ######....   54%         5    None
 Passage of Golubria      Tloc           N/A          54%         5    None
 Piercing Shot            Chrm           ######....   54%         5    None
 Silence                  Hex/Air        ######....   54%         5    None
 Steam Barrier            Chrm/Fire      ######....   54%         5    None
 Summon Lightning Spire   Summ/Air       ######..     54%         5    None
 Venom Bolt               Conj/Pois      ######....   54%         5    None
 Bolt of Fire             Conj/Fire      ######....   98%         6    ###....
 Borgnjor's Vile Clutch   Necr/Erth      ######....   98%         6    ###....
 Conjure Ball Lightning   Conj/Air       ######....   98%         6    ###....
 Darkness                 Hex            ######....   98%         6    ###....
 Deflect Missiles         Chrm/Air       ######....   98%         6    ###....
 Infestation              Hex/Tmut/Pois  ######...    98%         6    ###....
 Invisibility             Hex            ######..     98%         6    ###....
 Ozocubu's Refrigeration  Ice            ######....   98%         6    ###....
 Statue Form              Tmut/Erth      ######...    98%         6    ###....
 Virulence                Hex/Pois       ######..     98%         6    ###....
 Controlled Blink         Tloc           ######..     100%        7    #####..
 Dragon Form              Tmut           ######.      100%        7    #####..
 Orb of Destruction       Conj           ######....   100%        7    #####..
 Shadow Creatures         Summ           N/A          100%        7    #####..
 Spellforged Servitor     Conj/Summ      ######....   100%        7    #####..
 Summon Fire Elementals   Fire/Summ      ######...    100%        7    #####..
 Time Stop                Chrm/Tloc      N/A          100%        8    ######.
 Tornado                  Tloc/Air       ######....   100%        8    ######.
 Dragon's Call            Summ           ######....   100%        9    #######
 Fire Storm               Fire           ######....   100%        9    #######


Dungeon Overview and Level Annotations

Branches:
Dungeon (12/12)            Temple (1/1) D:7            Lair (6/6) D:7
  Snake (3/3) Lair:2       Spider (3/3) Lair:3        Slime (2/5) Orc
    Orc (1/1) D:10            Elf (3/3) Lair:5       Vaults (3/3) D:11
  Crypt (0/2) Vaults:2     Depths (0/5) D:12

Altars:
Ashenzari
Cheibriados
Dithmenos
Elyvilon
Fedhas
Gozag
Hepliaklqana
Kikubaaqudgha
Lugonu
Makhleb
Nemelex Xobeh
Okawaru
Qazlal
Ru
Sif Muna
Trog
Uskayaw
Vehumet
Wu Jian
Xom
Yredelemnul
Zin
The Shining One
Jiyva

Shops:
D:5 =   D:9 [   Orc (**?=   Elf:1 :(*[%   Elf:3 [   Snake:3 **   Vaults:1 !
Vaults:2 =

Portals:
Abyss: Lair:6 Spider:3

Annotations:
D:5 1 runed translucent door, yrara's ghost, novice GrFi
Lair:5 2 runed translucent doors, foxfromabyss's ghost, journeyman MfTm


Innate Abilities, Weirdness & Mutations

Your experience applies equally to all skills.
You have very sharp teeth.
Your uncanny sense of smell can sniff out nearby items.
You are partially covered in icy blue scales. (AC +2)
You are agile. (Dex +2)
You can translocate small distances at will.
Your flesh is cold resistant. (rC+)
You passively map a small area around you.


Message History

The splash of acid hits you!
* * * LOW HITPOINT WARNING * * *
The acid corrodes you!
You are splashed with acid!
* * * LOW HITPOINT WARNING * * *
The ancient automaton conjures a glowing orb.
Your adder bites the ancient automaton but does no damage.
An orb of destruction comes into view.
Casting: Sticks to Snakes (safe; 3% risk of failure)
Confirm with . or Enter, or press ? or * to list all spells.
You create a snake!
You now have arrows for 579 snakes.
Your adder bites the ancient automaton but does no damage.
Okay, then. [a] - 1224 gold - resistance, might and haste [b] - 382 gold - heal wounds and curing [c] - 1134 gold - resistance, invisibility, agility and heal wounds Purchase which effect?
You feel much better.
You feel better. The acid blob hits your adder!!
Your adder dies!
The orb of destruction hits you!!!
You die...

........# ##.# #.######....
....P...# ##.####.#### . ,
........###..........# * , *
##.....###.#.........# *
#.....#.+#..........##
###....#..............##### *
#..................○......##+###
+................○○.°9S........##
#.<.......##....@SS..J..........#
#.........##.....S...###.........
##.......###.........# #○J.......
+#.....#+ ######.#### #.........
, ####### #.# #......... #.#
#......... , #.# ##.......# .# .#
#+.....## #.##. ,##....#


You could see an acid blob, an ancient automaton and 4 friendly adders.

Vanquished Creatures
  A golden dragon (Vaults:3)
  Vashnia (Snake:3)
  Zenata (Vaults:1)
  Nikola (Snake:3)
  Frances (Snake:3)
  3 tentacled monstrosities (Vaults:3)
  A lich (Vaults:3)
  Jorgrun (Spider:1)
  A deep elf master archer (Elf:3)
  3 deep elf blademasters
  3 titans (Vaults:3)
  6 acid blobs
  A tengu reaver (Vaults:3)
  5 nagarajas (Snake:3)
  A ghoul (Vaults:1)
  5 sphinxes (Vaults:3)
  Donald (Elf:3)
  2 war gargoyles
  2 fire giants (Vaults:3)
  10 deep elf sorcerers
  3 orc warlords
  5 azure jellies (Slime:1)
  2 frost giants (Vaults:3)
  11 vault wardens
  4 ghost moths (Spider:3)
  An iron dragon (Vaults:3)
  4 emperor scorpions
  Louise (Spider:1)
  5 stone giants
  2 deep elf elementalists (Elf:3)
  15 ironheart preservers
  A very ugly thing (Vaults:3)
  Nessos (Lair:4)
  5 deep elf annihilators
  5 deep elf demonologists
  4 entropy weavers
  4 spark wasps
  3 dire elephants (Vaults:3)
  2 ettins (Vaults:3)
  5 deep elf death magi (Elf:3)
  4 deep elf high priests
  Erolcha (D:9)
  Urug (Orc)
  17 naga warriors
  54 slime creatures
  14 yaktaur captains
  4 rakshasas
  39 vault guards
  5 hydras
  An ice dragon (Vaults:2)
  10 anacondas
  A catoblepas (Lair:6)
  3 great orbs of eyes
  6 ogre magi
  17 two-headed ogres
  Sonja (Lair:2)
  2 death knights
  3 tengu warriors
  2 deep troll shamans
  A deep troll earth mage (Vaults:3)
  An ironheart beastmaster (Vaults:3)
  3 ancient automatons
  3 orc high priests (Orc)
  4 shock serpents
  8 naga sharpshooters
  20 deep elf knights
  Nergalle (Lair:3)
  6 centaur warriors
  4 salamander mystics
  A fire crab (shapeshifter) (Lair:6)
  6 deep trolls
  3 hell knights (Vaults:3)
  11 skeletal warriors (Vaults:2)
  A glowing orange brain (Vaults:1)
  A swamp dragon (shapeshifter) (Elf:2)
  A large abomination (Lair:6)
  12 ironheart convokers
  14 deep elf archers
  2 orange crystal statues
  3 wizards
  19 naga ritualists
  A wolf spider zombie (D:6)
  11 mana vipers
  6 phantasmal warriors
  A harpy (shapeshifter) (D:11)
  Pikel (D:5)
  3 cyclopes
  2 lindwurms
  9 orc sorcerers
  24 wolf spiders
  66 deep elf magi
  5 ugly things
  14 naga magi
  18 orb spiders
  6 orc knights (Orc)
  A shining eye (Slime:1)
  A tengu skeleton (Vaults:2)
  A fire giant skeleton (Vaults:2)
  7 salamanders
  A manticore (D:12)
  8 vault sentinels
  3 elephants (Lair:6)
  44 black mambas
  10 guardian serpents
  A molten gargoyle (Volcano)
  40 jumping spiders
  3 smoke demons (Lair:6)
  10 demonic crawlers
  2 gargoyles
  3 rime drakes
  10 cane toads
  A yaktaur (shapeshifter) (Lair:6)
  2 human skeletons (Vaults:2)
  4 freezing wraiths
  14 yaktaurs
  2 efreet
  7 komodo dragons
  An eye of draining (D:8)
  An ancient zyme (Lair:6)
  A yaktaur skeleton (Vaults:2)
  2 tengu conjurers
  A meliai (shapeshifter) (Vaults:1)
  A harpy zombie (D:12)
  A troll (Vaults:1)
  3 tyrant leeches (D:11)
  6 hornets
  12 blink frogs
  A meliai zombie (D:8)
  22 dream sheep
  5 hippogriffs
  A blink frog (shapeshifter) (D:12)
  3 air elementals (Elf:3)
  4 ettin skeletons (Vaults:2)
  36 yaks
  4 water elementals
  19 tarantellas
  A ynoxinul (Lair:6)
  2 spriggans
  2 wraiths (Vaults:1)
  6 wyverns
  2 vampires (D:11)
  50 redbacks
  6 basilisks
  6 fire elementals
  10 fire bats (Volcano)
  A chaos spawn (Lair:6)
  A steam dragon (Volcano)
  5 wargs
  9 vampire mosquitoes
  An acid dragon (D:10)
  7 crocodiles
  41 nagas
  14 water moccasins
  7 porcupines
  2 sky beasts
  An ice beast (D:6)
  A hornet zombie (D:12)
  32 orc warriors
  8 small abominations (Lair:6)
  A soldier ant (D:10)
  2 phantoms
  A necrophage (D:12)
  2 black bears
  17 ogres
  16 wolves
  11 bullfrogs
  A kobold brigand (D:10)
  2 earth elementals
  10 centaurs
  3 scorpions
  4 killer bees (D:10)
  3 wights (D:11)
  7 howler monkeys
  4 electric eels
  17 orc priests
  5 crimson imps
  6 lava snakes (Volcano)
  A quasit (D:10)
  3 hounds
  3 jellies
  3 bullfrog skeletons
  2 iguanas (D:8)
  33 orc wizards
  10 worker ants
  3 kobold zombies (Ossuary)
  2 human simulacra
  A hound zombie (D:8)
  A hound skeleton (D:9)
  4 mummies (Ossuary)
  A centaur zombie (Ossuary)
  5 gnolls
  22 adders
  3 shadow imps
  An ooze (D:6)
  2 adder zombies (D:9)
  An adder skeleton (D:2)
  2 worms
  2 dart slugs
  4 leopard geckos
  75 orcs
  7 bats
  6 giant cockroaches
  9 goblins
  15 hobgoblins
  15 jackals
  12 kobolds
  4 quokkas
  2 ball pythons (Lair:2)
  A frilled lizard (D:2)
  4 hobgoblin zombies (Ossuary)
  6 rats
1501 creatures vanquished.

Vanquished Creatures (collateral kills)
  An acid blob (Slime:1)
  A fire giant (Vaults:3)
  A vault warden (Vaults:3)
  An ironheart preserver (Vaults:3)
  2 vault guards (Vaults:3)
  An anaconda (Snake:3)
  2 naga sharpshooters (Snake:3)
  4 nagas (Snake:3)
  An orc (Orc)
14 creatures vanquished.

Vanquished Creatures (others)
  An anaconda (Snake:3)
  30 dancing weapons
  2 shock serpents (Snake:3)
  A centaur warrior (D:10)
  3 naga magi
  2 black mambas
  A guardian serpent (Snake:2)
  A demonic crawler (Spider:3)
  A yaktaur (Vaults:1)
  A yak (D:10)
  8 nagas
  An ice beast (D:8)
  A human simulacrum (D:10)
  3 bushes (D:6)
  27 fungi
  A lurking horror (Spider:3)
  18 plants
102 creatures vanquished.

Grand Total: 1617 creatures vanquished

Notes
Turn   | Place    | Note
-------+----------+-------------------------------------------
     0 | D:1      | tauben the Gnoll Archaeologist began the quest for the Orb.
     0 | D:1      | Reached XP level 1. HP: 17/17 MP: 1/1
   253 | D:1      | Reached XP level 2. HP: 23/23 MP: 2/2
   473 | D:1      | Reached XP level 3. HP: 28/28 MP: 3/3
   914 | D:2      | Reached skill level 1 in Invocations
  1128 | D:2      | Reached skill level 1 in Short Blades
  1128 | D:2      | Reached skill level 1 in Long Blades
  1128 | D:2      | Reached skill level 1 in Axes
  1128 | D:2      | Reached skill level 1 in Polearms
  1128 | D:2      | Reached skill level 1 in Staves
  1128 | D:2      | Reached skill level 1 in Slings
  1128 | D:2      | Reached skill level 1 in Bows
  1128 | D:2      | Reached skill level 1 in Crossbows
  1128 | D:2      | Reached skill level 1 in Throwing
  1128 | D:2      | Reached skill level 1 in Armour
  1128 | D:2      | Reached skill level 1 in Shields
  1128 | D:2      | Reached skill level 1 in Unarmed Combat
  1128 | D:2      | Reached skill level 1 in Spellcasting
  1128 | D:2      | Reached skill level 1 in Evocations
  1202 | D:2      | Reached XP level 4. HP: 34/34 MP: 5/5
  1523 | D:2      | Found a burning altar of Makhleb.
  1523 | D:2      | Noticed a cacodemon
  1652 | D:3      | Found a corrupted altar of Lugonu.
  1802 | D:3      | Found a basalt altar of Yredelemnul.
  1877 | D:3      | Reached skill level 1 in Conjurations
  1877 | D:3      | Reached skill level 1 in Hexes
  1877 | D:3      | Reached skill level 1 in Charms
  1877 | D:3      | Reached skill level 1 in Summonings
  1877 | D:3      | Reached skill level 1 in Necromancy
  1877 | D:3      | Reached skill level 1 in Translocations
  1877 | D:3      | Reached skill level 1 in Transmutations
  1877 | D:3      | Reached skill level 1 in Fire Magic
  1877 | D:3      | Reached skill level 1 in Ice Magic
  1877 | D:3      | Reached skill level 1 in Air Magic
  1877 | D:3      | Reached skill level 1 in Earth Magic
  1877 | D:3      | Reached skill level 1 in Poison Magic
  2048 | D:3      | Reached XP level 5. HP: 36/40 MP: 5/7
  2048 | D:3      | Identified a scroll of acquirement
  2048 | D:3      | Identified the ring "Icybef" {Wiz *Drain Str+4 Stlth+} (You
                  | acquired it on level 3 of the Dungeon)
  2048 | D:3      | Identified the Reference Book on Flamy Shape Shifting (You
                  | acquired it on level 3 of the Dungeon)
  2363 | D:3      | Reached skill level 3 in Fighting
  2770 | D:4      | Noticed an ogre
  2787 | D:4      | Killed an ogre
  2788 | D:4      | Reached XP level 6. HP: 47/47 MP: 8/8
  3140 | D:4      | Reached XP level 7. HP: 52/52 MP: 10/10
  3203 | D:4      | Noticed a hungry ghost
  3409 | D:5      | Entered Level 5 of the Dungeon
  3424 | D:5      | Found a sand-covered staircase.
  3457 | D:5      | Found Pystioc's Jewellery Shop.
  3498 | D:5      | Found a runed translucent door.
  3522 | Ossuary  | Entered an ossuary
  4142 | D:5      | Reached XP level 8. HP: 60/60 MP: 12/12
  4159 | D:5      | Found a shadowy altar of Dithmenos.
  4213 | D:5      | Reached skill level 4 in Fighting
  4543 | D:5      | Noticed Pikel
  4593 | D:5      | Noticed yrara's ghost (novice GrFi)
  5050 | D:6      | Found a shattered altar of Ashenzari.
  5180 | D:6      | Reached XP level 9. HP: 54/66 MP: 14/14
  5725 | D:6      | Noticed a gargoyle
  5736 | D:6      | Killed a gargoyle
  5790 | D:6      | Reached skill level 5 in Fighting
  5790 | D:6      | Reached skill level 5 in Maces & Flails
  6171 | D:7      | Reached skill level 5 in Invocations
  6218 | D:7      | Reached XP level 10. HP: 45/74 MP: 15/17
  6347 | D:7      | Found a staircase to the Lair.
  6391 | D:7      | Found a staircase to the Ecumenical Temple.
  6401 | Temple   | Entered the Ecumenical Temple
  6617 | Temple   | Became a worshipper of Gozag Ym Sagoz the Greedy
  6864 | D:7      | Found a sparkling altar of Nemelex Xobeh.
  7072 | Lair:1   | Entered Level 1 of the Lair of Beasts
  7179 | Lair:1   | Reached skill level 5 in Short Blades
  7179 | Lair:1   | Reached skill level 5 in Long Blades
  7179 | Lair:1   | Reached skill level 5 in Axes
  7179 | Lair:1   | Reached skill level 5 in Polearms
  7179 | Lair:1   | Reached skill level 5 in Staves
  7179 | Lair:1   | Reached skill level 5 in Slings
  7179 | Lair:1   | Reached skill level 5 in Bows
  7179 | Lair:1   | Reached skill level 5 in Crossbows
  7179 | Lair:1   | Reached skill level 5 in Throwing
  7179 | Lair:1   | Reached skill level 5 in Armour
  7179 | Lair:1   | Reached skill level 5 in Shields
  7179 | Lair:1   | Reached skill level 5 in Unarmed Combat
  7179 | Lair:1   | Reached skill level 5 in Spellcasting
  7179 | Lair:1   | Reached skill level 5 in Evocations
  7213 | Lair:1   | Noticed a cane toad
  7236 | Lair:1   | Killed a cane toad
  7309 | Lair:1   | Reached skill level 6 in Fighting
  7343 | Lair:1   | Noticed a black mamba
  8067 | Lair:1   | Reached XP level 11. HP: 60/82 MP: 19/19
  8598 | Lair:1   | Gained mutation: You are clumsy. (Dex -2) [potion of
                  | mutation]
  8598 | Lair:1   | Gained mutation: Scrolls take you a little longer to read.
                  | [potion of mutation]
  8598 | Lair:1   | Lost mutation: You are clumsy. (Dex -2) [potion of
                  | mutation]
  8599 | Lair:1   | Lost mutation: Scrolls take you a little longer to read.
                  | [potion of mutation]
  8599 | Lair:1   | Gained mutation: You are weak. (Str -2) [potion of
                  | mutation]
  8599 | Lair:1   | Gained mutation: You are partially covered in iridescent
                  | scales. (AC +2) [potion of mutation]
  8801 | Lair:2   | Found a staircase to the Snake Pit.
  8980 | Lair:2   | Reached skill level 5 in Conjurations
  8980 | Lair:2   | Reached skill level 5 in Hexes
  8980 | Lair:2   | Reached skill level 5 in Charms
  8980 | Lair:2   | Reached skill level 5 in Summonings
  8980 | Lair:2   | Reached skill level 5 in Necromancy
  8980 | Lair:2   | Reached skill level 5 in Translocations
  8980 | Lair:2   | Reached skill level 5 in Transmutations
  8980 | Lair:2   | Reached skill level 5 in Fire Magic
  8980 | Lair:2   | Reached skill level 5 in Ice Magic
  8980 | Lair:2   | Reached skill level 5 in Air Magic
  8980 | Lair:2   | Reached skill level 5 in Earth Magic
  8980 | Lair:2   | Reached skill level 5 in Poison Magic
  9060 | Lair:2   | Noticed Sonja
  9099 | Lair:2   | Killed Sonja
  9649 | Lair:2   | Found the +2 shield of Resistance {rF+ rC+ MR+}
  9832 | Lair:2   | Reached skill level 7 in Fighting
 10388 | Lair:3   | Noticed Nergalle
 10447 | Lair:3   | Killed Nergalle
 10484 | Lair:3   | Reached XP level 12. HP: 50/91 MP: 20/22
 10740 | Lair:3   | Found a hole to the Spider Nest.
 11083 | Lair:4   | Noticed Nessos
 11096 | Lair:4   | Killed Nessos
 11260 | Lair:4   | Noticed a four-headed hydra
 11275 | Lair:4   | Killed a four-headed hydra
 12009 | Lair:5   | Found a staircase to the Elven Halls.
 12141 | Lair:5   | Found a dark tunnel.
 12151 | Volcano  | Entered a volcano
 12439 | Volcano  | Found a radiant altar of Vehumet.
 12470 | Volcano  | Reached skill level 8 in Fighting
 12470 | Volcano  | Reached skill level 10 in Dodging
 12470 | Volcano  | Reached skill level 10 in Stealth
 12963 | Lair:5   | Reached XP level 13. HP: 84/98 MP: 24/24
 13170 | Lair:5   | Found a large runed translucent door.
 13178 | Lair:5   | Found a large runed translucent door.
 13189 | Lair:5   | Noticed foxfromabyss's ghost (journeyman MfTm)
 14037 | Lair:5   | Lost mutation: You are weak. (Str -2) [potion of mutation]
 14037 | Lair:5   | Lost mutation: You are partially covered in iridescent
                  | scales. (AC +2) [potion of mutation]
 14037 | Lair:5   | Gained mutation: You are partially covered in icy blue
                  | scales. (AC +2) [potion of mutation]
 14037 | Lair:5   | Gained mutation: Your magical capacity is low. (-10% MP)
                  | [potion of mutation]
 14037 | Lair:5   | Gained mutation: You are agile. (Dex +2) [potion of
                  | mutation]
 14037 | Lair:5   | Gained mutation: Your mind is acute. (Int +2) [potion of
                  | mutation]
 14039 | Lair:6   | Entered Level 6 of the Lair of Beasts
 14927 | Lair:6   | Reached skill level 9 in Fighting
 15286 | Lair:6   | Found a corrupted altar of Lugonu.
 15286 | Lair:6   | Found a one-way gate to the infinite horrors of the Abyss.
 15579 | D:8      | Reached XP level 14. HP: 108/108 MP: 23/23
 15601 | D:8      | Found a shimmering altar of Xom.
 15602 | D:8      | Noticed an angel
 15608 | D:8      | Found a glowing silver altar of Zin.
 15818 | D:8      | Found a hazy altar of Hepliaklqana.
 16189 | D:8      | Found a stormy altar of Qazlal.
 16517 | D:8      | Learned a level 2 spell: Sticks to Snakes
 16749 | D:8      | Found a bloodstained altar of Trog.
 16906 | D:9      | Noticed Erolcha
 16929 | D:9      | Killed Erolcha
 17044 | D:9      | Found an ancient bone altar of Kikubaaqudgha.
 17342 | D:9      | Found Ygush's Antique Armour Shop.
 17463 | D:10     | Entered Level 10 of the Dungeon
 18557 | D:10     | Found a staircase to the Orcish Mines.
 18802 | D:11     | Identified Sif Muna's Collected Works on Darkness and
                  | Bewitchment (You acquired it on level 11 of the Dungeon)
 18848 | D:11     | Found a gate to the Vaults.
 19134 | D:5      | Bought the ring of Selah {rF+ rC+} for 507 gold pieces
 19144 | D:5      | Killed Pikel
 19308 | Orc      | Entered the Orcish Mines
 19312 | Orc      | Noticed Urug
 19576 | Orc      | Found Camion's Food Boutique.
 19665 | Orc      | Reached skill level 10 in Invocations
 19840 | Orc      | Found a runed door.
 19840 | Orc      | Found a viscous altar of Jiyva.
 19841 | Orc      | Found a staircase to the Slime Pits.
 19912 | Orc      | Killed Urug
 20035 | Orc      | Bought a ration for 65 gold pieces
 20035 | Orc      | Bought a ration for 65 gold pieces
 20035 | Orc      | Bought a ration for 65 gold pieces
 20035 | Orc      | Bought a ration for 65 gold pieces
 20035 | Orc      | Bought a ration for 65 gold pieces
 20035 | Orc      | Bought a ration for 65 gold pieces
 20035 | Orc      | Bought a ration for 65 gold pieces
 20035 | Orc      | Bought a ration for 65 gold pieces
 20035 | Orc      | Bought a ration for 65 gold pieces
 20087 | Orc      | Found Latwiniann's Magic Scroll Shop.
 20132 | Orc      | HP: 3/108 [orc knight/+0 glaive (24)]
 20473 | Orc      | Found Cohiere's General Store.
 20515 | Orc      | Found Mutudgh's General Store.
 20515 | Orc      | Found Mohayhat's Antique Weapon Shoppe.
 20524 | Orc      | Bought a ration for 65 gold pieces
 20524 | Orc      | Bought a scroll of teleportation for 39 gold pieces
 20524 | Orc      | Bought a ration for 65 gold pieces
 20524 | Orc      | Bought a ration for 65 gold pieces
 20535 | Orc      | Bought a scroll of teleportation for 48 gold pieces
 20535 | Orc      | Bought a ration for 80 gold pieces
 20535 | Orc      | Bought a ration for 80 gold pieces
 20537 | Orc      | Bought a scroll of enchant weapon for 82 gold pieces
 20537 | Orc      | Bought a scroll of enchant armour for 82 gold pieces
 20537 | Orc      | Bought a scroll of enchant armour for 82 gold pieces
 20537 | Orc      | Bought a scroll of identify for 22 gold pieces
 20537 | Orc      | Bought a scroll of identify for 22 gold pieces
 20781 | D:9      | Bought a crystal plate armour for 2000 gold pieces
 20781 | D:9      | Bought a runed cloak for 187 gold pieces
 20781 | D:9      | Bought a runed hat for 175 gold pieces
 20936 | D:12     | Entered Level 12 of the Dungeon
 21183 | D:11     | Reached XP level 15. HP: 95/115 MP: 25/25
 21479 | D:11     | Found the +10 Vampire's Tooth {vamp}
 21533 | D:11     | Reached skill level 10 in Fighting
 21533 | D:11     | Reached skill level 10 in Maces & Flails
 22666 | D:12     | Found a staircase to the Depths.
 22960 | D:12     | Reached skill level 10 in Short Blades
 22960 | D:12     | Reached skill level 10 in Long Blades
 22960 | D:12     | Reached skill level 10 in Axes
 22960 | D:12     | Reached skill level 10 in Polearms
 22960 | D:12     | Reached skill level 10 in Staves
 22960 | D:12     | Reached skill level 10 in Slings
 22960 | D:12     | Reached skill level 10 in Bows
 22960 | D:12     | Reached skill level 10 in Crossbows
 22960 | D:12     | Reached skill level 10 in Throwing
 22960 | D:12     | Reached skill level 10 in Armour
 22960 | D:12     | Reached skill level 10 in Shields
 22960 | D:12     | Reached skill level 10 in Unarmed Combat
 22960 | D:12     | Reached skill level 10 in Spellcasting
 22960 | D:12     | Reached skill level 10 in Evocations
 22984 | D:12     | Got a steaming falchion
 23049 | D:12     | Found a sacrificial altar of Ru.
 23432 | Snake:1  | Entered Level 1 of the Snake Pit
 23611 | Snake:1  | Identified the ring of Diagh {Ice +Fly Str-4 Int+2}
 24816 | Snake:2  | Reached XP level 16. HP: 124/124 MP: 27/27
 26016 | Snake:2  | Reached skill level 11 in Fighting
 26293 | Snake:3  | Entered Level 3 of the Snake Pit
 26500 | Snake:3  | Noticed Frances
 26775 | Snake:3  | Noticed Nikola
 26822 | Snake:3  | Killed Frances
 26842 | Snake:3  | Killed Nikola
 26852 | Snake:3  | Found Wausauh's Assorted Antiques.
 26857 | Snake:3  | Found Pidor's General Store.
 26861 | Snake:3  | Bought a scroll of identify for 68 gold pieces
 26866 | Snake:3  | Bought a scroll of identify for 34 gold pieces
 26866 | Snake:3  | Bought a scroll of identify for 34 gold pieces
 27320 | Snake:3  | Noticed a nagaraja
 27351 | Snake:3  | Killed a nagaraja
 28147 | Snake:3  | Identified Papabb's Catalogue of Icy Shape Shifting
 28173 | Snake:3  | Got a transparent amethyst amulet
 28174 | Snake:3  | Identified the amulet "Lupowa" {Inacc Stlth+} (You found it
                  | on level 3 of the Snake Pit)
 28217 | Snake:3  | Reached XP level 17. HP: 131/131 MP: 28/28
 28890 | Snake:3  | Noticed Vashnia
 28971 | Snake:3  | Killed Vashnia
 28972 | Snake:3  | Reached skill level 12 in Fighting
 29269 | Snake:3  | Identified the +1 falchion "Oloil" {antimagic, +Fly Dex+4}
                  | (You found it on level 12 of the Dungeon)
 29269 | Snake:3  | Got a serpentine rune of Zot
 30027 | Orc      | Bought 120 arrows for 156 gold pieces
 30044 | Orc      | Bought the amulet "Iganoupt" {Regen rPois Dex+2} for 758
                  | gold pieces
 30044 | Orc      | Bought the ring "Ret Gynaps" {rElec MR+ Str+3} for 702 gold
                  | pieces
 30361 | Lair:5   | Learned a level 2 spell: Blink
 30362 | Elf:1    | Entered Level 1 of the Elven Halls
 30373 | Elf:1    | Reached skill level 10 in Conjurations
 30373 | Elf:1    | Reached skill level 10 in Hexes
 30373 | Elf:1    | Reached skill level 10 in Charms
 30373 | Elf:1    | Reached skill level 10 in Summonings
 30373 | Elf:1    | Reached skill level 10 in Necromancy
 30373 | Elf:1    | Reached skill level 10 in Translocations
 30373 | Elf:1    | Reached skill level 10 in Transmutations
 30373 | Elf:1    | Reached skill level 10 in Fire Magic
 30373 | Elf:1    | Reached skill level 10 in Ice Magic
 30373 | Elf:1    | Reached skill level 10 in Air Magic
 30373 | Elf:1    | Reached skill level 10 in Earth Magic
 30373 | Elf:1    | Reached skill level 10 in Poison Magic
 30459 | Elf:1    | Found Wiromm's Assorted Antiques.
 30478 | Elf:1    | Found Panwoquc's Food Shoppe.
 30478 | Elf:1    | Found Iluujiow's Book Emporium.
 30481 | Elf:1    | Found Afeol's Antique Weapon Emporium.
 30485 | Elf:1    | Bought a phantom mirror for 500 gold pieces
 30651 | Elf:1    | Reached XP level 18. HP: 127/141 MP: 22/30
 31008 | Elf:1    | Noticed a Brimstone Fiend
 31078 | Elf:1    | Identified the Guide on Summoning
 31472 | Elf:1    | Reached skill level 13 in Fighting
 32160 | Elf:2    | Found a runed gate.
 32161 | Elf:2    | Found a runed gate.
 32161 | Elf:2    | Found a runed gate.
 32449 | Elf:3    | Entered Level 3 of the Elven Halls
 32618 | Elf:3    | Noticed a deep elf blademaster
 32626 | Elf:3    | Noticed a deep elf master archer
 32626 | Elf:3    | Noticed a deep elf blademaster
 32626 | Elf:3    | Noticed a Hell Sentinel
 32671 | Elf:2    | Killed a deep elf blademaster
 32842 | Elf:2    | Identified the cursed +0 pair of gloves of Yfor {+Inv rF-
                  | Int+2}
 32965 | Elf:3    | Noticed Donald
 32987 | Elf:3    | Killed Donald
 33258 | Elf:3    | Found Piozxuli's Armour Boutique.
 33638 | Elf:3    | Killed a deep elf master archer
 33729 | Elf:3    | Gained mutation: You occasionally shout uncontrollably at
                  | your foes. [a cacodemon]
 33850 | Elf:3    | Reached XP level 19. HP: 151/151 MP: 31/31
 34150 | Elf:3    | Found an ancient bone altar of Kikubaaqudgha.
 34271 | Elf:3    | Identified the +8 dagger of Vobabil {speed, rN+ Dex+4}
 34615 | Elf:3    | Identified the ring of Qyelocs {rElec Int+8 Dex+3}
 34640 | Elf:3    | Reached skill level 14 in Fighting
 34696 | Elf:3    | Identified the cursed ring "Leblunkitoin" {rPois rC+++
                  | Int-6 Slay+5 Stlth-}
 34739 | Elf:3    | Noticed a Brimstone Fiend
 34761 | Elf:3    | Identified the ring of Suspicion {rF++ rN+ MR+ SInv Stlth-}
 34997 | Elf:3    | Identified the cursed +0 hand crossbow of Mutilation
                  | {penet, rElec rC- Str+9 Dex-5}
 36119 | Elf:1    | Bought a runed helmet for 187 gold pieces
 36122 | Elf:1    | Bought a buzzing cloak for 313 gold pieces
 36122 | Elf:1    | Identified the cursed +0 cloak "Yrolu" {rC+} (You bought it
                  | in a shop on level 1 of the Elven Halls)
 36125 | Elf:1    | Bought a pair of runed gloves for 247 gold pieces
 36125 | Elf:1    | Bought a runed helmet for 247 gold pieces
 36270 | Spider:1 | Entered Level 1 of the Spider Nest
 36427 | Spider:1 | Noticed Jorgrun
 36458 | Spider:1 | Killed Jorgrun
 36529 | Spider:1 | Noticed Louise
 36556 | Spider:1 | Killed Louise
 36961 | Spider:1 | Reached XP level 20. HP: 159/160 MP: 33/33
 38450 | Spider:3 | Entered Level 3 of the Spider Nest
 38747 | Spider:3 | Reached skill level 15 in Fighting
 39618 | Spider:3 | Got a gossamer rune of Zot
 40309 | Spider:3 | Found a corrupted altar of Lugonu.
 40897 | Orc      | Bought the amulet "Zuehaps" {Gourm rElec Int+6} for 825
                  | gold pieces
 41361 | Vaults:1 | Entered Level 1 of the Vaults
 42037 | Vaults:1 | Learned a level 3 spell: Regeneration
 42041 | Vaults:1 | Learned a level 3 spell: Ozocubu's Armour
 42113 | Vaults:1 | Noticed Zenata
 42253 | Vaults:1 | Killed Zenata
 42254 | Vaults:1 | Reached XP level 21. HP: 81/170 MP: 32/34
 42543 | Vaults:1 | Found Asicvamn's Distillery.
 42547 | Vaults:1 | Bought a potion of agility for 88 gold pieces
 42547 | Vaults:1 | Bought a potion of might for 88 gold pieces
 42547 | Vaults:1 | Bought a potion of haste for 220 gold pieces
 43046 | Vaults:2 | Found Ashruaxtu's Jewellery Shoppe.
 43225 | Vaults:2 | Reached skill level 16 in Fighting
 43650 | Vaults:2 | Identified the ring "Heggy" {*Contam +Inv rF+ Dex+7 Stlth+}
 43766 | Vaults:2 | Reached skill level 15 in Dodging
 43766 | Vaults:2 | Reached skill level 15 in Stealth
 44428 | Vaults:2 | Reached skill level 15 in Invocations
 45073 | Vaults:2 | Found a staircase to the Crypt.
 45151 | Vaults:3 | Entered Level 3 of the Vaults
 45171 | Vaults:3 | Identified the amulet "Tugocruz" {Gourm +Blink rPois}
 45554 | Vaults:3 | Reached XP level 22. HP: 180/180 MP: 36/36
 45623 | Vaults:3 | Identified the cursed ring "Ebasuyfet" {rElec MR+ EV-5}
 45923 | Vaults:3 | Reached skill level 17 in Fighting
 46082 | Vaults:3 | Noticed a golden dragon
 46112 | Vaults:3 | Killed a golden dragon
 46193 | Vaults:3 | Identified the Collected Works on Dusty Displacement
 46435 | Vaults:3 | Identified the +2 pair of gloves "Qatidouc" {Dex+3}
 46497 | Vaults:3 | Identified the cursed ring "Viliogho" {rC+ AC-5}
 46504 | Vaults:3 | Identified the +11 hand axe "Cyzieb" {chop, rPois}
 46670 | Vaults:3 | Noticed a juggernaut
 47346 | Vaults:3 | Identified the ring "Daqeapax" {rElec MR+ Str+2}
 47491 | Vaults:3 | Reached XP level 23. HP: 188/188 MP: 37/37
 47611 | Vaults:3 | Identified the cursed +1 chain mail of Midnight {Regen+
                  | Str+4 Dex+3}
 47776 | Vaults:3 | Got a silver rune of Zot
 47780 | Vaults:3 | Identified the cursed +1 short sword "Jellybane" {elec,
                  | rElec rC+ Dex+2 Stlth-}
 49169 | Slime:1  | Entered Level 1 of the Pits of Slime
 49214 | Slime:1  | Reached skill level 15 in Maces & Flails
 50859 | Slime:2  | Lost mutation: You are agile. (Dex +2) [potion of mutation]
 50859 | Slime:2  | Lost mutation: Your magical capacity is low. (-10% MP)
                  | [potion of mutation]
 50859 | Slime:2  | Gained mutation: You are frail. (-10% HP) [potion of
                  | mutation]
 50859 | Slime:2  | Gained mutation: Your flesh is cold resistant. (rC+)
                  | [potion of mutation]
 50860 | Slime:2  | Lost mutation: You occasionally shout uncontrollably at
                  | your foes. [potion of mutation]
 50860 | Slime:2  | Lost mutation: You are frail. (-10% HP) [potion of
                  | mutation]
 50860 | Slime:2  | Lost mutation: Your mind is acute. (Int +2) [potion of
                  | mutation]
 50860 | Slime:2  | Gained mutation: You can translocate small distances at
                  | will. [potion of mutation]
 50860 | Slime:2  | Gained mutation: You are agile. (Dex +2) [potion of
                  | mutation]
 50860 | Slime:2  | Gained mutation: You passively map a small area around you.
                  | [potion of mutation]
 50949 | Slime:2  | Blown up by an ancient automaton

Skill      XL: |  1  2  3  4  5  6  7  8  9 10 11 12 13 14 15 16 17 18 19 20 21 22 23 |
---------------+----------------------------------------------------------------------+-----
Invocations    | 1 2 3 4 5 6 7 8 9 10 11 12 13 14 15 16 | 16.1
Short Blades   | 1 2 3 4 5 6 7 8 9 10 11 12 13 14 | 14.9
Long Blades    | 1 2 3 4 5 6 7 8 9 10 11 12 13 14 | 14.9
Axes           | 1 2 3 4 5 6 7 8 9 10 11 12 13 14 | 14.9
Polearms       | 1 2 3 4 5 6 7 8 9 10 11 12 13 14 | 14.9
Staves         | 1 2 3 4 5 6 7 8 9 10 11 12 13 14 | 14.9
Slings         | 1 2 3 4 5 6 7 8 9 10 11 12 13 14 | 14.9
Bows           | 1 2 3 4 5 6 7 8 9 10 11 12 13 14 | 14.9
Crossbows      | 1 2 3 4 5 6 7 8 9 10 11 12 13 14 | 14.9
Throwing       | 1 2 3 4 5 6 7 8 9 10 11 12 13 14 | 14.9
Armour         | 1 2 3 4 5 6 7 8 9 10 11 12 13 14 | 14.9
Shields        | 1 2 3 4 5 6 7 8 9 10 11 12 13 14 | 14.9
Unarmed Combat | 1 2 3 4 5 6 7 8 9 10 11 12 13 14 | 14.9
Spellcasting   | 1 2 3 4 5 6 7 8 9 10 11 12 13 14 | 14.9
Evocations     | 1 2 3 4 5 6 7 8 9 10 11 12 13 14 | 14.9
Conjurations   | 1 2 3 4 5 6 7 8 9 10 11 12 | 12.9
Hexes          | 1 2 3 4 5 6 7 8 9 10 11 12 | 12.9
Charms         | 1 2 3 4 5 6 7 8 9 10 11 12 | 12.9
Summonings     | 1 2 3 4 5 6 7 8 9 10 11 12 | 12.9
Necromancy     | 1 2 3 4 5 6 7 8 9 10 11 12 | 12.9
Translocations | 1 2 3 4 5 6 7 8 9 10 11 12 | 12.9
Transmutations | 1 2 3 4 5 6 7 8 9 10 11 12 | 12.9
Fire Magic     | 1 2 3 4 5 6 7 8 9 10 11 12 | 12.9
Ice Magic      | 1 2 3 4 5 6 7 8 9 10 11 12 | 12.9
Air Magic      | 1 2 3 4 5 6 7 8 9 10 11 12 | 12.9
Earth Magic    | 1 2 3 4 5 6 7 8 9 10 11 12 | 12.9
Poison Magic   | 1 2 3 4 5 6 7 8 9 10 11 12 | 12.9
Fighting       | 3 4 5 6 7 8 9 10 11 12 13 14 15 16 17 | 17.9
Maces & Flails | 3 4 5 6 7 8 9 10 11 12 13 14 15 | 15.1
Dodging        | 7 8 9 10 11 12 13 14 15 16 | 16.0
Stealth        | 7 8 9 10 11 12 13 14 15 16 | 16.0

Action                   |  1- 3 |  4- 6 |  7- 9 | 10-12 | 13-15 | 16-18 | 19-21 | 22-24 || total
-------------------------+-------+-------+-------+-------+-------+-------+-------+-------++-------
Melee: Whip              |   107 |   150 |       |       |       |       |       |       ||   257
       Bite              |    15 |    20 |    39 |    91 |   300 |   331 |   574 |   330 ||  1700
       Punch             |       |     2 |     6 |     4 |       |       |       |       ||    12
       Quick blade       |       |    62 |   357 |   749 |  2035 |  2248 |  3360 |  1572 || 10383
Throw: Stone             |       |     7 |       |       |       |       |       |       ||     7
       Tomahawk          |       |     5 |     4 |   100 |   339 |   161 |   190 |    58 ||   857
 Cast: Sticks to Snakes  |       |       |       |       |     9 |     3 |       |    33 ||    45
       Regeneration      |       |       |       |       |       |       |     2 |     3 ||     5
       Ozocubu's Armour  |       |       |       |       |       |       |     1 |       ||     1
Invok: Potion Petition   |       |       |       |       |     1 |     3 |       |     2 ||     6
       Call Merchant     |       |       |       |       |       |     1 |     1 |       ||     2
Evoke: Wand              |       |     1 |    12 |     1 |       |    15 |     1 |     1 ||    31
       Lamp of fire      |       |       |       |       |     2 |     7 |     6 |     1 ||    16
       Phial of floods   |       |       |       |       |       |     4 |     3 |     3 ||    10
       Sack of spiders   |       |       |       |       |       |     1 |       |       ||     1
       Phantom mirror    |       |       |       |       |       |     1 |       |       ||     1
  Use: Scroll            |     1 |     4 |     5 |     9 |    14 |    10 |     5 |     5 ||    53
       Potion            |       |     1 |     2 |     7 |     4 |     4 |     2 |     2 ||    22
 Stab: Sleeping          |    13 |     8 |       |     1 |     5 |       |       |       ||    27
       Held in net/web   |       |       |     1 |       |       |       |     2 |       ||     3
       Invisible         |       |       |       |     1 |     1 |       |       |       ||     2
       Paralysed         |       |       |       |     1 |       |       |       |       ||     1
       Distracted        |       |       |       |       |    12 |    17 |    14 |    19 ||    62
       Petrified         |       |       |       |       |     1 |       |       |       ||     1
       Confused          |       |       |       |       |       |     3 |       |       ||     3
  Eat: Chunk             |     4 |    11 |    12 |       |       |       |       |       ||    27
       Ration            |       |       |     1 |     8 |    18 |    14 |    18 |     8 ||    67
Armor: Robe              |    14 |    15 |       |       |       |       |       |       ||    29
       Ring mail         |       |    40 |       |       |       |       |       |       ||    40
       Chain mail        |       |     3 |   102 |   170 |   177 |       |       |       ||   452
       Skin              |       |       |    25 |     3 |       |       |       |       ||    28
       Plate armour      |       |       |       |       |    47 |       |       |       ||    47
       Crystal plate arm |       |       |       |       |   297 |   689 |  1009 |   342 ||  2337
Dodge: Dodged            |    84 |   147 |   131 |   177 |   230 |   205 |   630 |   244 ||  1848
Block: Medium shield     |       |       |       |   115 |   674 |   812 |  1494 |   559 ||  3654
